 Dungeon Crawl Stone Soup version 0.19-a0-1225-gf887c1c (webtiles) character file.

14849 LORDOFBUTT the Cleaver (level 11, 0/101 HPs)
             Began as a Minotaur Fighter on Aug 25, 2016.
             Was a High Priest of Okawaru.
             Slain by a manticore (9 damage)
             ... on level 12 of the Dungeon on Aug 26, 2016.
             The game lasted 00:17:43 (9538 turns).

LORDOFBUTT the Cleaver (Minotaur Fighter)           Turns: 9538, Time: 00:17:43

Health: 0/101      AC: 22    Str: 28    XL:     11   Next: 94%
Magic:  12/12      EV: 12    Int:  5    God:    Okawaru [*****.]
Gold:   667        SH: 13    Dex: 12    Spells: 0 memorised, 10 levels left

rFire  . . .     SeeInvis .     P - +2 hand axe (flame)
rCold  . . .     Gourm    .     Q - +8 chain mail of the Duke {Str+3}
rNeg   . . .     Faith    .     c - +0 shield
rPois  .         Spirit   .     x - +1 hat
rElec  .         Dismiss  .     (no cloak)
rCorr  .         Reflect  .     (no gloves)
MR     +....     Harm     +     I - +0 pair of boots
Stlth  ..........               K - amulet of harm
                                i - +3 ring of strength
                                m - ring of protection from magic

@: no status effects
A: retaliatory headbutt, horns 2
a: Heroism, Finesse, Renounce Religion


You were on level 12 of the Dungeon.
You worshipped Okawaru.
Okawaru was extremely pleased with you.
You were not hungry.

You visited 2 branches of the dungeon, and saw 13 of its levels.

You collected 667 gold pieces.

Inventory:

Hand Weapons
 a - a +3 war axe
 P - a +2 hand axe of flaming (weapon)
Missiles
 A - 2 tomahawks of dispersal (quivered)
Armour
 b - a +0 scale mail
 c - a +0 shield (worn)
 x - a +1 hat (worn)
 I - a +0 pair of boots (worn)
 Q - the +8 chain mail of the Duke (worn) {Str+3}
   (You found it on level 6 of the Dungeon)

   It affects your strength (+3).
Jewellery
 i - a +3 ring of strength (right hand)
 j - an uncursed ring of positive energy
 m - a ring of protection from magic (left hand)
 z - an uncursed ring of loudness
 E - an uncursed ring of fire
 H - an uncursed ring of see invisible {unknown}
 K - an amulet of harm (around neck)
 M - an uncursed ring of wizardry
Wands
 d - a wand of flame (26/48)
 h - a wand of slowing (36/48)
 l - a wand of digging (11/24)
 p - a wand of iceblast (9/15)
 w - a wand of acid (4/15)
 y - a wand of paralysis (23/24)
 C - a wand of confusion (19/48)
 G - a wand of digging (3/24)
Scrolls
 e - 4 scrolls of fog
 o - 8 scrolls of teleportation
 q - a scroll of recharging
 t - 6 scrolls of remove curse
 v - 3 scrolls of amnesia
 N - 4 scrolls of identify
Potions
 k - a potion of mutation
 n - 4 potions of curing
 s - a potion of invisibility
 u - 5 potions of cure mutation
 D - 2 potions of agility
 F - 2 potions of ambrosia
 J - a potion of heal wounds
Books
 B - a book of Clouds

   Spells                             Type                      Level
   a - Mephitic Cloud                 Conjuration/Poison/Air       3
   b - Conjure Flame                  Conjuration/Fire             3
   c - Poisonous Cloud                Conjuration/Poison/Air       6
   d - Freezing Cloud                 Conjuration/Ice/Air          6
   e - Ring of Flames                 Charms/Fire                  7
 L - a book of Summonings

   Spells                             Type                      Level
   a - Recall                         Summoning/Translocation      3
   b - Aura of Abjuration             Summoning                    5
   c - Summon Demon                   Summoning                    5
   d - Summon Forest                  Summoning/Translocation      5
   e - Summon Mana Viper              Hexes/Summoning              5
   f - Shadow Creatures               Summoning                    6
Comestibles
 f - 3 bread rations
 g - 3 meat rations
 r - 11 royal jellies


   Skills:
 + Level 10.8 Fighting
 + Level 11.4 Axes
 + Level 0.6 Throwing
 + Level 9.8 Armour
 + Level 8.9 Dodging
 + Level 1.8 Stealth
 + Level 10.8 Shields
 * Level 3.3 Evocations


You had 10 spell levels left.
You didn't know any spells.

Dungeon Overview and Level Annotations

Branches:
Dungeon (12/15)            Temple (1/1) D:7            Lair (0/6) D:11
    Orc: D:9-12

Altars:
Ashenzari
Cheibriados
Dithmenos
Elyvilon
Fedhas
Gozag
Hepliaklqana
Kikubaaqudgha
Makhleb
Nemelex Xobeh
Okawaru
Qazlal
Ru
Sif Muna
Trog
Uskayaw
Vehumet
Xom
Yredelemnul
Zin
The Shining One

Shops:
D:8 (

Annotations:
D:5 1 runed door


Innate Abilities, Weirdness & Mutations

You reflexively headbutt those who attack you in melee.
You have a pair of horns on your head.


Message History

You hit the manticore. You burn the manticore. You slash the manticore!
You burn the manticore.
The manticore is moderately wounded.
The manticore closely misses you. You block the manticore's attack.
The manticore claws you.
* * * LOW HITPOINT WARNING * * *
You slash the manticore! You burn the manticore.
The manticore is almost dead.
The manticore bites you!
* * * LOW HITPOINT WARNING * * *
The manticore claws you but does no damage.
You block the manticore's attack.
You hit the manticore. You burn the manticore.
You headbutt the manticore, but do no damage.
The manticore is almost dead.
You hit the manticore but do no damage.
You headbutt the manticore, but do no damage.
The manticore is almost dead.
The manticore bites you!
You die...

...... ..... .
#..... ....#
..##..oo# ....##
%......o##......
..............).
#....)#.....#
#...).#.....#
#......####+#..#
###....)@).....#
#....H.......#
#............#
...............#
.................
........#####.#..
........# ## #
........#


You could see a manticore.

Vanquished Creatures
  The ghost of Doesnt the Shield-Bearer, a novice FoNe of Kikubaaqudgha (D:8)
  Nergalle (D:11)
  2 hill giants
  A cyclops (D:11)
  The ghost of elan the Martial Artist, a novice OpTm (D:5)
  Maurice (D:8)
  Joseph (D:8)
  2 trolls
  A two-headed ogre (D:9)
  Prince Ribbit (D:8)
  Sigmund (D:5)
  3 wyverns
  Eustachio (D:4)
  27 yaks
  2 hungry ghosts
  A hippogriff (D:9)
  Menkaure (D:6)
  A warg (D:12)
  The ghost of elan the Insei, an amateur OpTm (D:3)
  3 ice beasts
  3 orc warriors
  3 sky beasts
  5 ogres
  A black bear (D:10)
  A necrophage (D:9)
  2 phantoms
  A wasp (D:11)
  A centaur (D:5)
  4 crocodiles
  4 big kobolds
  4 giant frogs
  A gnoll sergeant (D:9)
  A wyvern zombie (D:11)
  4 scorpions
  8 killer bees
  A wight (D:10)
  5 howler monkeys
  6 crimson imps
  A giant frog zombie (D:10)
  A quasit (D:7)
  2 centaur zombies
  A human zombie (D:5)
  4 jellies
  5 orc priests
  4 hounds
  Crazy Yiuf (D:7)
  6 orc wizards
  A centaur skeleton (D:9)
  2 giant frog skeletons
  Ijyb (D:2)
  4 iguanas
  6 worker ants
  2 hound zombies
  3 gnolls (D:9)
  A worker ant zombie (D:10)
  14 adders
  A howler monkey skeleton (D:9)
  2 river rats (D:11)
  A shadow imp (D:3)
  9 oozes
  An adder zombie (D:8)
  A worm (D:4)
  2 dart slugs
  A giant gecko (D:9)
  27 orcs
  3 ball pythons
  4 giant cockroaches
  6 goblins
  9 hobgoblins
  19 jackals
  21 kobolds
  10 quokkas
  10 bats
  6 giant newts
  A goblin zombie (D:5)
  A kobold skeleton (D:5)
  A quokka skeleton (D:4)
  A quokka zombie (D:5)
  13 rats
317 creatures vanquished.

Vanquished Creatures (others)
  5 fungi (D:11)
5 creatures vanquished.

Grand Total: 322 creatures vanquished

Notes
Turn   | Place    | Note
-------+----------+-------------------------------------------
     0 | D:1      | LORDOFBUTT the Minotaur Fighter began the quest for the Orb.
     0 | D:1      | Reached XP level 1. HP: 19/19 MP: 0/0
    64 | D:1      | Reached XP level 2. HP: 27/27 MP: 1/1
   710 | D:2      | Reached XP level 3. HP: 31/34 MP: 2/2
   919 | D:2      | Reached skill level 1 in Dodging
   938 | D:2      | Noticed Ijyb
   947 | D:2      | Killed Ijyb
   947 | D:2      | Reached XP level 4. HP: 32/41 MP: 3/3
  1286 | D:2      | Found a glowing silver altar of Zin.
  1340 | D:3      | Noticed a giant frog
  1342 | D:3      | Killed a giant frog
  1342 | D:3      | Reached skill level 5 in Fighting
  1342 | D:3      | Reached skill level 3 in Axes
  1342 | D:3      | Reached XP level 5. HP: 48/48 MP: 4/4
  1389 | D:3      | Found a shadowy altar of Dithmenos.
  1758 | D:3      | Noticed elan's ghost (amateur OpTm)
  1766 | D:3      | Killed elan's ghost
  1766 | D:3      | Reached skill level 5 in Armour
  1766 | D:3      | Reached XP level 6. HP: 49/56 MP: 5/5
  2076 | D:4      | Found a bloodstained altar of Trog.
  2123 | D:4      | Found a deep blue altar of Sif Muna.
  2234 | D:4      | Reached skill level 4 in Axes
  2259 | D:4      | Noticed Eustachio
  2279 | D:4      | Killed Eustachio
  2279 | D:4      | Reached XP level 7. HP: 36/62 MP: 6/6
  2280 | D:4      | Reached skill level 5 in Shields
  2692 | D:4      | Reached skill level 5 in Axes
  2756 | D:5      | Entered Level 5 of the Dungeon
  2848 | D:5      | Noticed Sigmund
  3151 | D:5      | Noticed elan's ghost (novice OpTm)
  3171 | D:5      | Killed elan's ghost
  3171 | D:5      | Reached XP level 8. HP: 31/71 MP: 7/7
  3303 | D:5      | Reached skill level 6 in Axes
  3303 | D:5      | Reached skill level 5 in Dodging
  3412 | D:5      | Killed Sigmund
  3453 | D:5      | Found a runed door.
  3486 | D:5      | Found a basalt altar of Yredelemnul.
  3704 | D:6      | Found a stormy altar of Qazlal.
  3707 | D:6      | Found a white marble altar of Elyvilon.
  3859 | D:6      | Noticed Menkaure
  3869 | D:6      | Killed Menkaure
  3910 | D:6      | Found a shimmering altar of Xom.
  4238 | D:6      | Reached skill level 7 in Axes
  4238 | D:6      | Reached XP level 9. HP: 70/79 MP: 8/8
  4287 | D:7      | Found a staircase to the Ecumenical Temple.
  4308 | Temple   | Entered the Ecumenical Temple
  4485 | Temple   | Became a worshipper of Warmaster Okawaru
  4649 | D:7      | Found a runed door.
  4796 | D:7      | Reached * piety under Okawaru
  4983 | D:7      | Found a white marble altar of Elyvilon.
  5192 | D:7      | Noticed Crazy Yiuf
  5199 | D:7      | Killed Crazy Yiuf
  5655 | D:8      | Noticed Maurice
  5765 | D:8      | Killed Maurice
  5765 | D:8      | Reached ** piety under Okawaru
  5765 | D:8      | Reached skill level 8 in Axes
  5786 | D:8      | Noticed Prince Ribbit
  5809 | D:8      | Killed Prince Ribbit
  5989 | D:8      | Found Qegrad's Weapon Shop.
  6017 | D:8      | Noticed Joseph
  6034 | D:8      | Killed Joseph
  6034 | D:8      | Reached XP level 10. HP: 29/90 MP: 9/9
  6094 | D:8      | Reached skill level 1 in Stealth
  6161 | D:8      | Noticed Doesnt's ghost (novice FoNe)
  6174 | D:8      | Killed Doesnt's ghost
  6174 | D:8      | Reached *** piety under Okawaru
  6174 | D:8      | Received a gift from Okawaru
  6174 | D:8      | Reached skill level 9 in Axes
  6862 | D:9      | Reached **** piety under Okawaru
  7310 | D:9      | Reached ***** piety under Okawaru
  7313 | D:10     | Entered Level 10 of the Dungeon
  7422 | D:10     | Reached skill level 10 in Axes
  7426 | D:10     | Reached XP level 11. HP: 76/99 MP: 10/10
  7459 | D:10     | Reached skill level 10 in Fighting
  7802 | D:10     | Reached skill level 1 in Evocations
  7904 | D:10     | Noticed a hill giant
  7953 | D:10     | Killed a hill giant
  7953 | D:10     | Reached skill level 10 in Shields
  8447 | D:11     | Noticed Nergalle
  8448 | D:11     | Noticed a spectral orc warlord
  8456 | D:11     | Killed Nergalle
  8534 | D:11     | Reached skill level 11 in Axes
  8623 | D:11     | Noticed a hill giant
  8628 | D:11     | Received a gift from Okawaru
  8634 | D:11     | Killed a hill giant
  9227 | D:6      | Got a crude chain mail
  9238 | D:6      | Identified the +8 chain mail of the Duke {Str+3} (You found it on level 6 of the Dungeon)
  9448 | D:11     | Found a staircase to the Lair.
  9538 | D:12     | Slain by a manticore

Vault maps used:
D:1:      eino_arrival_druids_welcome, st_stairs_11, minmay_misc_feat_pillars
D:2:      zin_scriptorium, due_unseen_surprise, uniq_iyjb
D:3:      nicolae_dithmenos_through_a_glass_darkly
D:4:      corexii_shack_village, nicolae_overflow_hidden_temple,
          trog_three_pillars_becter, uniq_eustachio
D:5:      first_bread, minmay_misc_feat_iff, dk_yredelemnul_ordeal, uniq_sigmund
D:6:      minitemple, basic_altar, serial_park, serial_park_tiny_1,
          serial_park_gazebo, serial_park_avenue1, uniq_menkaure
D:7:      basic_altar, nicolae_ossuary_entry_ruins, uniq_crazy_yiuf_cottage
D:8:      serial_shops, kennysheep_little_box, uniq_maurice, uniq_joseph,
          uniq_prince_ribbit1
D:9:      hangedman_little_slice_of_home
D:10:     kennysheep_opposing_triangles
D:11:     grunt_lair_entry_orc_guard_hut, uniq_nergalle
D:12:     erik_orc_4, portal_ice_cave_entry_animals_and_master
Temple:   regret_index_temple_sphere_string

Skill      XL: |  1  2  3  4  5  6  7  8  9 10 11 |
---------------+----------------------------------+-----
Fighting       | 4 5 6 7 8 9 10 | 10.8
Armour         | 4 5 6 7 8 9 |  9.8
Dodging        | 1 2 3 4 5 7 8 |  8.9
Shields        | 4 5 6 8 9 10 | 10.8
Axes           | 3 4 5 7 8 10 11 | 11.4
Stealth        | 1 |  1.8
Evocations     | 3 |  3.3
Throwing       | |  0.6

Action                   |  1- 3 |  4- 6 |  7- 9 | 10-12 || total
-------------------------+-------+-------+-------+-------++-------
Melee: War axe           |    56 |   103 |   319 |   380 ||   858
       Headbutt          |     7 |    18 |    71 |   120 ||   216
       Hand axe          |       |       |       |    99 ||    99
Throw: Tomahawk          |       |       |       |     6 ||     6
Evoke: Wand              |       |       |     1 |     2 ||     3
  Use: Scroll            |     5 |       |    11 |    11 ||    27
       Potion            |       |     2 |     6 |     3 ||    11
 Stab: Paralysed         |       |       |       |     3 ||     3
  Eat: Chunk             |       |     3 |       |     2 ||     5
       Fruit             |       |       |     6 |     3 ||     9
       Pizza             |       |       |     2 |       ||     2
       Meat ration       |       |       |     1 |     1 ||     2
       Bread ration      |       |       |     1 |     2 ||     3
Armor: Scale mail        |    30 |    39 |   116 |    90 ||   275
       Skin              |       |       |    20 |       ||    20
       Chain mail        |       |       |       |    24 ||    24
Dodge: Dodged            |    21 |    41 |   112 |   158 ||   332
Block: Shield            |    28 |    54 |   174 |   276 ||   532
